Map: Disco Bloodbath LE

Players

Probe

  • Race: Protoss Protoss
  • Spawn Location: 9:00

Hellraiser - Winner!

  • Race: Protoss Protoss
  • Spawn Location: 3:00

VOD

Have the link to the VOD?

Description

Time

  • Played on: Sept. 6, 2019, 3:49 p.m.
  • Length: 8:05
Show
View Real Time Build Order
Export as new Build Order

Probe Protoss 

Build Orders: Zealot Archon 

Get SALT Encoding   

  12  0:00  Probe  
  13  0:12  Probe  
  14  0:17  Pylon  
  14  0:24  Probe  
  15  0:32  Probe  
  15  0:37  Gateway  
  15  0:40  Probe  
  16  0:46  Assimilator  
  17  0:51  Probe  
  17  0:54  Assimilator  
  18  0:59  Probe  
  19  1:07  Gateway, Probe  
  19  1:17  Probe  
  20  1:24  Cybernetics Core  
  21  1:29  Probe  
  22  1:34  Pylon  
  22  1:41  Probe  
  23  1:51  Warp Gate  
  23  1:53  Probe  
  24  2:01  Stalker  
  28  2:03  Stalker  
  28  2:06  Probe  
  29  2:11  Pylon  
  29  2:31  Stalker  
  29  2:33  Stalker  
  33  2:55  Shield Battery  
  33  3:01  Nexus  
  33  3:02  Probe  
  33  3:24  Probe  
  31  3:36  Probe  
  32  3:48  Probe  
  33  3:50  Forge  
  33  3:52  Robotics Facility  
  33  3:59  Sentry x2  
  33  4:00  Probe  
  37  4:12  Probe  
  37  4:15  Probe  
  36  4:22  Stalker  
  36  4:23  Protoss Ground Weapons Level 1  
  36  4:33  Probe  
  36  4:34  Probe  
  36  4:41  Probe  
  36  4:42  Probe  
  35  4:49  Probe  
  35  4:50  Probe  
  36  4:55  Observer  
  36  4:57  Sentry  
  36  4:59  Probe  
  41  5:00  Probe  
  43  5:11  Probe  
  43  5:13  Pylon, Probe  
  45  5:20  Probe  
  37  5:21  Probe  
  38  5:29  Probe, Sentry  
  38  5:30  Probe  
  38  5:34  Observer  
  43  5:38  Probe  
  43  5:39  Probe  
  44  5:50  Probe  
  44  5:51  Probe  
  44  5:53  Twilight Council  
  46  6:02  Probe  
  46  6:03  Probe  
  48  6:10  Assimilator  
  48  6:11  Assimilator  
  48  6:14  Probe  
  48  6:15  Probe  
  48  6:26  Probe x2  
  50  6:32  Templar Archives  
  50  6:34  Probe  
  50  6:38  Probe  
  52  6:40  Pylon  
  52  6:42  Probe  
  53  6:50  Probe  
  53  6:54  Probe  
  54  6:58  Gateway  
  54  6:59  Gateway  
  55  7:02  Gateway, Probe  
  55  7:06  Probe  
  57  7:14  Gateway  
  57  7:15  Gateway  
  57  7:21  Zealot x2  
  60  7:24  Gateway  
  60  7:36  Shield Battery  
  60  7:38  Pylon  
  60  7:41  High Templar  
  60  7:42  High Templar  
  64  7:45  Archon  
  64  7:50  Pylon x2  
  66  7:55  High Templar x2  
  70  7:59  Archon  
Show
View Real Time Build Order
Export as new Build Order

Hellraiser Protoss - Winner!

Build Orders: Oracle Opening, Zealot Archon 

Get SALT Encoding   

  12  0:00  Probe  
  13  0:13  Probe  
  14  0:17  Pylon  
  14  0:23  Probe  
  15  0:31  Probe  
  16  0:37  Gateway  
  16  0:39  Probe  
  16  0:45  Assimilator  
  17  0:51  Probe  
  17  0:54  Assimilator  
  18  0:59  Probe  
  19  1:07  Gateway, Probe  
  19  1:17  Probe  
  20  1:24  Cybernetics Core  
  21  1:29  Probe  
  22  1:38  Pylon  
  22  1:42  Probe  
  23  2:01  Stargate, Adept  
  24  2:02  Adept  
  24  2:05  Probe  
  28  2:08  Warp Gate  
  28  2:14  Pylon  
  28  2:18  Probe  
  29  2:31  Adept  
  29  2:32  Adept  
  29  2:36  Oracle  
  32  2:42  Probe  
  36  3:08  Nexus  
  36  3:15  Oracle  
  39  3:37  Robotics Facility  
  39  3:38  Probe  
  39  3:39  Pylon  
  38  3:51  Pylon, Probe  
  39  3:59  Stalker x2  
  39  4:01  Probe  
  43  4:09  Probe  
  45  4:17  Probe  
  45  4:20  Probe  
  45  4:24  Observer  
  48  4:27  Forge  
  48  4:31  Probe  
  49  4:33  Probe  
  49  4:36  Immortal  
  46  4:47  Shield Battery  
  46  4:49  Probe  
  46  4:50  Probe  
  52  4:56  Sentry  
  52  4:58  Probe  
  54  5:00  Protoss Ground Weapons Level 1  
  54  5:01  Probe  
  54  5:04  Pylon  
  54  5:06  Probe  
  56  5:14  Probe  
  58  5:16  Probe  
  59  5:25  Stalker x2  
  59  5:26  Immortal, Probe  
  62  5:29  Probe, Assimilator  
  62  5:33  Assimilator  
  63  5:38  Probe  
  63  5:42  Probe  
  69  5:50  Probe  
  70  5:58  Twilight Council  
  70  5:59  Gateway x2  
  70  6:00  Probe  
  70  6:03  Probe  
  72  6:10  Warp Prism  
  72  6:15  Charge  
  74  6:25  Zealot, Sentry  
  78  6:32  Gateway  
  78  6:37  Gateway  
  78  6:40  Gateway  
  78  6:42  Gateway  
  78  6:46  Templar Archives  
  78  6:53  Pylon  
  78  6:55  Pylon  
  78  7:06  Photon Cannon  
  78  7:07  Pylon  
  78  7:15  Zealot x4  
  81  7:19  Pylon  
  83  7:28  High Templar  
  85  7:32  Nexus  
  85  7:34  High Templar  
  85  7:36  Zealot  
  89  7:37  Zealot  
  89  7:38  Archon  
  89  7:39  High Templar x2  
  89  7:43  Zealot  
  97  7:44  Archon  
  97  7:48  Zealot  
Tags
 
Add a new tag
Caveats
  • Supply blocks, unpowered buildings, or Contaminate may cause inaccurate times.
  • Supply counts are checked every 10 seconds.